 Dungeon Crawl Stone Soup version 0.26-a0-665-gefeb406119 (webtiles) character file.

Game seed: 6678033036951420070

484132 jasper the Gnoll Aeon (level 24, -5/222 HPs)
             Began as a Gnoll Transmuter on Oct 13, 2020.
             Was the Champion of Cheibriados.
             Killed from afar by an orb of fire (27 damage)
             ... with a fireball
             ... on level 5 of the Realm of Zot.
             The game lasted 01:53:33 (45251 turns).

jasper the Gnoll Aeon (Gnoll Transmuter)           Turns: 45251, Time: 01:53:34

Health: -5/222     AC: 40    Str: 27 (29) XL:     24   Next: 60%
Magic:  23/48      EV: 31    Int: 44 (45) God:    Cheibriados [******]
Gold:   1313       SH: 21    Dex: 29 (31) Spells: 3/55 levels left

rFire    + . .     SeeInvis +     - Unarmed
rCold    + . .     Faith    .   U - +5 kite shield {reflect}
rNeg     + . .     Spirit   .   (armour currently unavailable)
rPois    ∞         Reflect  +   Z - +1 helmet {Int+3}
rElec    +         Harm     .   H - +2 cloak
rCorr    .         Rampage  .   (gloves currently unavailable)
MR       ++...                  (boots currently unavailable)
Stlth    ++++++....             I - amulet of regeneration
HPRegen  0.87/turn              j - ring "Pileac" {rF+ AC+4 SInv Stlth-}
MPRegen  0.31/turn              i - ring of the Skies Above {rC+ MR+ MP+9 Str+2 Int+3}

@: about to teleport, statue-form, very slightly contaminated, invisible, very
slow
A: distributed training, fangs 1, talons 1, blurry vision 1, deterioration 1,
dopey 1, frail 1, low mp 1, weak 1, subdued magic 1, strong nose
}: 3/15 runes: decaying, serpentine, abyssal
a: End Transformation, Bend Time, Temporal Distortion, Slouch, Step From Time,
Renounce Religion


You were on level 5 of the Realm of Zot.
You worshipped Cheibriados.
Cheibriados was exalted by your worship.
You were a stone statue.
You visited 9 branches of the dungeon, and saw 45 of its levels.
You visited the Abyss 1 time.
You also visited: Bailey and Gauntlet.

You collected 4896 gold pieces.
You spent 3583 gold pieces at shops.

Inventory:

Missiles
 l - 1089 stones (quivered)
 J - 22 javelins
Armour
 C - a +4 ring mail of fire resistance (melded)
 F - a +2 pair of boots of stealth (melded)
 H - a +2 cloak (worn)
 L - a cursed +0 pair of gloves (melded)
 U - a +5 kite shield of reflection (worn)
 Z - a +1 helmet of intelligence (worn)
Jewellery
 i - the ring of the Skies Above (right hand) {rC+ MR+ MP+9 Str+2 Int+3}
   (You bought it in a shop on level 2 of the Snake Pit)

   [ring of magical power]

   It affects your strength (+2).
   It affects your intelligence (+3).
   It protects you from cold.
   It affects your resistance to hostile enchantments.
   It affects your magic capacity (+9).
 j - the ring "Pileac" (left hand) {rF+ AC+4 SInv Stlth-}
   (You bought it in a shop on level 2 of the Snake Pit)

   [ring of protection]

   It affects your AC (+4).
   It protects you from fire.
   It lets you see invisible.
   It makes you less stealthy.
 B - an uncursed ring of resist corrosion
 E - an uncursed ring of protection from magic
 G - an uncursed amulet of faith
 I - an amulet of regeneration (around neck)
 N - an uncursed ring of see invisible
 T - an uncursed ring of protection from fire
Wands
 a - a wand of polymorph (17)
 c - a wand of flame (75)
 g - a wand of disintegration (10)
 k - a wand of paralysis (18)
 w - a wand of digging (24)
 M - a wand of acid (58)
 Q - a wand of iceblast (24)
Scrolls
 b - 17 scrolls of teleportation
 d - 4 scrolls of blinking
 h - 3 scrolls of holy word
 n - 5 scrolls of identify
 o - 5 scrolls of fear
 s - a scroll of summoning
 x - 7 scrolls of enchant weapon
 y - 20 scrolls of remove curse
 A - 8 scrolls of immolation
 D - 4 scrolls of fog
 K - a scroll of silence
 O - 5 scrolls of amnesia
 W - a scroll of vulnerability
Potions
 f - 23 potions of curing
 m - 3 potions of might
 p - 6 potions of heal wounds
 q - 9 potions of brilliance
 u - 6 potions of mutation
 v - 8 potions of invisibility
 z - 9 potions of ambrosia
 P - 6 potions of flight
 R - a potion of resistance
 X - 5 potions of lignification
 Y - a potion of magic
Miscellaneous
 e - a phantom mirror
 r - a phantom mirror
 t - a tin of tremorstones (3/3)
 V - a condenser vane (2/2)


   Skills:
 + Level 15.9 Fighting
 + Level 15.7 Short Blades
 + Level 15.7 Long Blades
 + Level 15.7 Axes
 + Level 15.7 Maces & Flails
 + Level 15.7 Polearms
 + Level 15.7 Staves
 + Level 15.7 Slings
 + Level 15.7 Bows
 + Level 15.7 Crossbows
 + Level 15.7 Throwing
 + Level 15.7 Armour
 + Level 16.2 Dodging
 + Level 15.7 Stealth
 + Level 15.7 Shields
 + Level 16.7 Unarmed Combat
 + Level 16.3 Spellcasting
 + Level 13.6 Conjurations
 + Level 13.6 Hexes
 + Level 13.6 Summonings
 + Level 13.6 Necromancy
 + Level 13.6 Translocations
 + Level 14.0 Transmutations
 + Level 13.6 Fire Magic
 + Level 13.6 Ice Magic
 + Level 13.6 Air Magic
 + Level 13.6 Earth Magic
 + Level 13.6 Poison Magic
 + Level 17.0 Invocations
 + Level 15.7 Evocations


You had 3 spell levels left.
You knew the following spells:

 Your Spells              Type           Power        Failure   Level
a - Borgnjor's Vile Clut  Necr/Erth      #######...   1%          5
b - Wereblood             Tmut           #######.     0%          2
c - Iron Shot             Conj/Erth      #######...   1%          6
d - Apportation           Tloc           ######       0%          1
e - Invisibility          Hex            #######.     1%          6
f - Summon Lightning Spi  Summ/Air       #######.     0%          4
g - Dispel Undead         Necr           #######.     0%          4
h - Statue Form           Tmut/Erth      #######..    1%          6
i - Ozocubu's Armour      Ice            #######.     0%          3
j - Spellforged Servitor  Conj/Summ      #######...   1%          7
k - Lehudib's Crystal Sp  Conj/Erth      #######...   14%         8

Your spell library contained the following spells:

 Spells                   Type           Power        Failure   Level
 Beastly Appendage        Tmut           ######       0%          1
 Corona                   Hex            #######      0%          1
 Freeze                   Ice            ####         0%          1
 Summon Small Mammal      Summ           ####         0%          1
 Call Imp                 Summ           #######.     0%          2
 Corpse Rot               Necr/Air       N/A          0%          2
 Ensorcelled Hibernation  Hex/Ice        ######       0%          2
 Passwall                 Tmut/Erth      #######.     0%          2
 Poisonous Vapours        Pois/Air       ######       0%          2
 Swiftness                Air            #######.     0%          2
 Call Canine Familiar     Summ           #######.     0%          3
 Confusing Touch          Hex            #######.     0%          3
 Conjure Flame            Conj/Fire      #######.     0%          3
 Dazzling Flash           Conj/Hex       ######       0%          3
 Frozen Ramparts          Ice            ######       0%          3
 Gell's Gravitas          Tloc           #######...   0%          3
 Lesser Beckoning         Tloc           #######...   0%          3
 Mephitic Cloud           Conj/Pois/Air  #######.     0%          3
 Spider Form              Tmut/Pois      #######...   0%          3
 Summon Guardian Golem    Hex/Summ       #######.     0%          3
 Tukima's Dance           Hex            #######.     0%          3
 Cause Fear               Hex            #######...   0%          4
 Hailstorm                Conj/Ice       #######.     0%          4
 Ice Form                 Ice/Tmut       #######.     0%          4
 Iskenderun's Mystic Bla  Conj/Tloc      #######.     0%          4
 Leda's Liquefaction      Hex/Erth       #######...   0%          4
 Passage of Golubria      Tloc           N/A          0%          4
 Petrify                  Tmut/Erth      #######.     0%          4
 Summon Ice Beast         Ice/Summ       #######.     0%          4
 Alistair's Intoxication  Tmut/Pois      #######..    1%          5
 Blade Hands              Tmut           #######...   1%          5
 Bolt of Magma            Conj/Fire/Erth #######...   1%          5
 Iskenderun's Battlesphe  Conj           #######.     1%          5
 Lee's Rapid Deconstruct  Erth           #######...   1%          5
 Metabolic Englaciation   Hex/Ice        #######...   1%          5
 Yara's Violent Unravell  Hex/Tmut       #######...   1%          5
 Death Channel            Necr           #######...   1%          6
 Freezing Cloud           Conj/Ice/Air   #######...   1%          6
 Orb of Destruction       Conj           #######...   1%          7
 Chain Lightning          Conj/Air       #######...   14%         8
 Disjunction              Tloc           #######...   14%         8
 Absolute Zero            Ice            #######...   94%         9
 Fire Storm               Conj/Fire      #######...   94%         9
 Shatter                  Erth           #######...   94%         9


Dungeon Overview and Level Annotations

Branches:
Dungeon (15/15)            Temple (1/1) D:7            Lair (6/6) D:9
  Swamp (4/4) Lair:4        Snake (4/4) Lair:4        Slime (0/5) Lair:6
    Orc (2/2) D:9             Elf (3/3) Orc:2        Vaults (0/5) D:13
 Depths (5/5) D:15            Zot (5/5) Depths:5     Bailey (visited)
Gauntlet (visited)

Altars:
Cheibriados
Fedhas
Hepliaklqana
Kikubaaqudgha
Ru
Sif Muna
Trog
Uskayaw
Vehumet
Wu Jian
Yredelemnul
Zin

Shops:
D:8 :   D:12 **   Orc:2 [:**   Elf:2 !   Snake:2 =}=   Snake:4 *   Depths:1 :

Portals:
Hell: Depths:1
Pandemonium: Depths:1
Trove: D:10 (give +8 demon whip)

Annotations:
Lair:3 3 runed translucent doors, Befuwnopp's ghost, journeyman TrHu
Lair:5 2 runed translucent doors, Adireryl's ghost, journeyman HOFi
Lair:6 exclusion: oklob plant
Swamp:1 Roxanne
Elf:2 2 transporters, 5 runed translucent doors, robertstho's ghost, adept DDFi
Elf:3 2 transporters, bastard's ghost, adept DEFE
Zot:4 exclusion: upstairs
Zot:5 exclusions: upstairs and 1 more exclusion


Innate Abilities, Weirdness & Mutations

Your experience applies equally to all skills.
You have very sharp teeth.
Your uncanny sense of smell can sniff out nearby items.
You have sharp toenails.
Scrolls take you a little longer to read.
Your body sometimes deteriorates upon taking damage.
You are dopey. (Int -2)
You are frail. (-10% HP)
Your magical capacity is low. (-10% MP)
You are weak. (Str -2)
Your spells are a little easier to cast, but a little less powerful.


Message History

Your body deteriorates!
You feel clumsy.
The Killer Klown does a somersault.
You block the Orb Guardian's attack. x3
The Orb Guardian completely misses you.
The curse toe gestures.
The Orb Guardian hits you!
* * * LOW HITPOINT WARNING * * *
The Orb Guardian hits you!
* * * LOW HITPOINT WARNING * * *
The Killer Klown blinks!
You block the Orb Guardian's attack. The Orb Guardian barely misses you.
You take 34 damage, and have 21/222 hp.
Unknown command.
Unknown command.
Unknown command.
You step out of the flow of time.
You return to the normal time flow.
An orb of fire comes into view.
The orb of fire glows bright magenta.
The fireball explodes!
The fireball engulfs you!! You resist.
You die...

,,,,,^,,,*...........^...,,,,,,,*
,,,,,^,,,.X..............,,,,,,**
,,,,,,,,,▓...............,,,,,,,*
,,,,,,,,*▓........y*.....,,,,,,,,
,,,,,,,**▓............^.d,,,,,,,,
******** #..(............,,,,,,,,
*#..............,,,,,,,,
**▓............,,,,,,,*
▓▓▓▓8........,,,,,,**
#▓▓▓▓▓▓▓▓▓▓▓##,,,,,**
###..^....^,,,,,,,,,,,**
##....#*,,,,,,,,,,,,,,,,*
#########...###^,,,,,,,,,,,,,,,^,
...........##*,,,,,,,,,,,,,,,,,,,
..........## *,,,,^,,,,,,,,,,,,,,
..........# *,,,,,,,,,,,,,,,,,,,
.........## *,,,,,,,,,,,,,,,,,,,


You could see an orb of fire, an Orb Guardian (wandering) and a moth of wrath
(wandering).

Vanquished Creatures
  An ancient lich (Abyss:3)
  4 orbs of fire
  2 Killer Klowns (Zot:5)
  Bai Suzhen (Swamp:3)
  2 curse toes (Zot:5)
  A profane servitor (Abyss:3)
  6 golden dragons
  2 electric golems
  2 tentacled monstrosities (Zot:1)
  13 Orb Guardians (Zot:5)
  2 deep elf master archers (Elf:3)
  Jorgrun (D:15)
  2 quicksilver dragons (Abyss:3)
  4 acid blobs (Zot:4)
  Frances (D:12)
  3 sphinxes
  Gastronok (Lair:2)
  4 thorn hunters
  A death cob (Zot:5)
  Kirke (D:12)
  A shadow dragon (Zot:5)
  5 storm dragons
  Donald (Swamp:2)
  9 nagarajas
  11 draconian monks
  4 deep elf sorcerers (Elf:3)
  A fire giant (D:15)
  4 draconian knights
  3 orc warlords
  Aizul (Elf:1)
  7 draconian scorchers
  5 draconian shifters
  3 draconian stormcallers
  3 deep elf elementalists (Elf:3)
  2 ghost moths (Zot:4)
  A spriggan defender (Depths:5)
  5 draconian annihilators
  4 stone giants
  9 green draconians
  8 deep elf demonologists (Elf:3)
  12 black draconians
  19 yellow draconians
  A minotaur (Gauntlet)
  6 deep elf annihilators
  4 purple draconians
  12 white draconians
  4 red draconians
  Snorg (D:14)
  4 deep elf death magi (Elf:3)
  2 ettins
  3 fire dragons
  4 ice dragons
  9 naga warriors
  10 deep elf high priests
  8 vault guards (D:13)
  A spriggan air mage (Depths:5)
  3 rakshasas
  5 boulder beetles
  20 hydras
  2 shambling mangroves (Swamp:3)
  3 catoblepae (Lair:6)
  7 centaur warriors
  2 ghost crabs
  26 anacondas
  5 two-headed ogres
  A death knight (D:15)
  9 alligators
  A large abomination (Elf:3)
  14 death yaks
  2 ogre magi (D:15)
  2 deep troll earth magi
  7 dancing weapons
  5 tengu warriors
  9 naga sharpshooters
  11 shock serpents
  14 hell knights
  6 orc high priests
  20 deep elf knights
  10 salamander mystics
  A skeletal warrior (D:15)
  3 unseen horrors
  A deep troll (shapeshifter) (Depths:1)
  8 deep trolls
  8 naga ritualists
  A death drake (shapeshifter) (Gauntlet)
  An infernal demonspawn (Depths:1)
  3 spriggan druids
  17 deep elf archers
  A flayed ghost (D:15)
  A gelid demonspawn (Depths:1)
  A shadow demon (Depths:1)
  55 deep elf magi
  7 swamp dragons
  Pikel (D:4)
  4 harpies (D:13)
  2 necromancers
  3 lindwurms (Snake:4)
  A wolf spider zombie (D:15)
  15 orc knights
  7 orc sorcerers
  15 mana vipers
  26 ugly things
  A wolf spider (D:15)
  2 oklob plants (Zot:4)
  4 manticores
  An orb spider (shapeshifter) (D:15)
  14 salamanders
  9 moths of wrath
  6 cyclopes
  45 black mambas
  25 naga magi
  10 guardian serpents
  9 elephants (Lair:6)
  Psyche (D:8)
  3 torpor snails
  12 cane toads
  2 gargoyles
  4 kobold demonologists
  A yaktaur (shapeshifter) (D:15)
  A freezing wraith (D:15)
  A rime drake (Lair:6)
  An ice devil (Depths:1)
  12 komodo dragons
  A red devil (Depths:1)
  4 tengu conjurers (D:15)
  2 polar bears (shapeshifter)
  2 polar bears
  7 tyrant leeches
  10 trolls
  17 hornets
  2 hornets (shapeshifter)
  9 bog bodies
  A dream sheep (shapeshifter) (Gauntlet)
  2 dream sheep (Lair:4)
  45 blink frogs
  An iron dragon simulacrum (Depths:4)
  13 slime creatures
  2 centaur simulacra
  Sigmund (D:4)
  An air elemental (Elf:2)
  8 spriggans
  43 yaks
  A vampire (D:15)
  6 shadows
  2 water elementals
  2 hogs (D:12)
  4 wraiths
  9 wyverns
  3 fire elementals
  A basilisk (shapeshifter) (D:15)
  A golden eye (shapeshifter) (D:15)
  4 basilisks
  11 vampire mosquitoes
  Menkaure (D:6)
  3 wargs
  32 insubstantial wisps
  11 swamp worms
  43 nagas
  3 acid dragons
  12 swamp drakes
  28 water moccasins
  A swamp drake (shapeshifter) (Gauntlet)
  4 phantoms
  A meliai simulacrum (D:14)
  26 orc warriors
  4 black bears
  5 sky beasts
  An ice beast (D:8)
  19 wolves
  An ice dragon simulacrum (Gauntlet)
  An ogre (shapeshifter) (D:15)
  11 ogres
  2 boggarts (D:15)
  13 centaurs
  A lemure (D:4)
  A small abomination (Abyss:3)
  A big kobold (D:8)
  Blork the orc (D:5)
  19 bullfrogs
  7 earth elementals
  A wyvern skeleton (D:12)
  A hornet simulacrum (Gauntlet)
  4 scorpions
  18 jellies
  12 killer bees
  8 wights
  3 electric eels (D:9)
  12 howler monkeys
  10 hounds
  A bullfrog zombie (D:6)
  A quasit (D:13)
  A gnoll shaman (D:9)
  6 centaur skeletons
  4 centaur zombies
  15 orc priests
  Jessica (D:3)
  Ijyb (D:5)
  6 iguanas
  24 orc wizards
  6 worker ants
  10 hell rats
  A killer bee zombie (D:9)
  A hound zombie (D:8)
  A hound skeleton (D:6)
  5 adders
  7 gnolls
  2 river rats (D:5)
  2 shadow imps
  3 white imps
  An ufetubus (D:9)
  3 adder skeletons
  5 worms
  A dart slug (D:1)
  8 leopard geckos
  71 orcs
  8 bats
  7 giant cockroaches
  13 goblins
  6 hobgoblins
  6 jackals
  4 quokkas
  5 ball pythons
  6 frilled lizards
  18 kobolds
  5 rats
1572 creatures vanquished.

Vanquished Creatures (collateral kills)
  Agnes (D:15)
  2 nagarajas (Snake:4)
  Fannar (Lair:3)
  A hydra (Lair:3)
  A naga warrior (Snake:2)
  A naga sharpshooter (Snake:4)
  A salamander mystic (Snake:4)
  A lindwurm (Snake:4)
  An orc sorcerer (Orc:2)
  2 salamanders (Snake:2)
  A cyclops (D:15)
  A black mamba (Snake:2)
  4 naga magi (Snake:4)
  A cane toad (Lair:4)
  A troll (Orc:2)
  4 dream sheep (Lair:4)
  5 nagas (Snake:4)
  An orc warrior (Orc:2)
  A big kobold (D:15)
  2 bullfrogs
  A quasit (D:14)
  5 orc priests
  An iguana (D:9)
  2 orc wizards (D:10)
  2 gnolls (D:9)
  7 orcs
  2 kobolds (D:15)
53 creatures vanquished.

Vanquished Creatures (others)
  Rupert (D:14)
  A draconian stormcaller (Zot:4)
  A black draconian (Zot:5)
  A red draconian (Zot:1)
  A hell knight (Depths:5)
  A swamp dragon (Swamp:4)
  A deep elf mage (Elf:1)
  A troll (D:15)
  A tyrant leech (Swamp:4)
  A water elemental (Elf:2)
  2 humans (D:12)
  A swamp worm (Swamp:3)
  An insubstantial wisp (Swamp:4)
  2 bullfrogs
  An orc (D:11)
  A demonic plant (Gauntlet)
  42 fungi
  64 plants
124 creatures vanquished.

Grand Total: 1749 creatures vanquished

Notes
Turn   | Place    | Note
-------+----------+-------------------------------------------
     0 | D:1      | jasper the Gnoll Transmuter began the quest for the Orb.
     0 | D:1      | Reached XP level 1. HP: 17/17 MP: 6/6
   239 | D:1      | Reached XP level 2. HP: 11/23 MP: 5/7
   721 | D:1      | You fall into a shaft and drop 1 floor!
  1240 | D:2      | Reached skill level 5 in Spellcasting
  1240 | D:2      | Reached XP level 3. HP: 28/28 MP: 5/9
  1437 | D:2      | Reached skill level 1 in Invocations
  1497 | D:2      | Found a basalt altar of Yredelemnul.
  1903 | D:2      | Reached skill level 1 in Short Blades
  1903 | D:2      | Reached skill level 1 in Long Blades
  1903 | D:2      | Reached skill level 1 in Axes
  1903 | D:2      | Reached skill level 1 in Maces & Flails
  1903 | D:2      | Reached skill level 1 in Polearms
  1903 | D:2      | Reached skill level 1 in Staves
  1903 | D:2      | Reached skill level 1 in Slings
  1903 | D:2      | Reached skill level 1 in Bows
  1903 | D:2      | Reached skill level 1 in Crossbows
  1903 | D:2      | Reached skill level 1 in Throwing
  1903 | D:2      | Reached skill level 1 in Armour
  1903 | D:2      | Reached skill level 1 in Stealth
  1903 | D:2      | Reached skill level 1 in Shields
  1903 | D:2      | Reached skill level 1 in Evocations
  2087 | D:2      | Found a faded altar of an unknown god.
  2101 | D:2      | Became a worshipper of Cheibriados the Contemplative
  2101 | D:2      | Reached * piety under Cheibriados
  2221 | D:3      | Reached XP level 4. HP: 34/34 MP: 9/11
  2229 | D:3      | Noticed Jessica
  2238 | D:3      | Killed Jessica
  2307 | D:3      | Reached skill level 1 in Conjurations
  2307 | D:3      | Reached skill level 1 in Hexes
  2307 | D:3      | Reached skill level 1 in Summonings
  2307 | D:3      | Reached skill level 1 in Necromancy
  2307 | D:3      | Reached skill level 1 in Translocations
  2307 | D:3      | Reached skill level 1 in Fire Magic
  2307 | D:3      | Reached skill level 1 in Ice Magic
  2307 | D:3      | Reached skill level 1 in Air Magic
  2307 | D:3      | Reached skill level 1 in Earth Magic
  2307 | D:3      | Reached skill level 1 in Poison Magic
  2623 | D:3      | Reached XP level 5. HP: 23/40 MP: 9/12
  2827 | D:3      | Learned a level 2 spell: Wereblood
  2831 | D:3      | Learned a level 3 spell: Spider Form
  2888 | D:3      | Reached ** piety under Cheibriados
  3417 | D:4      | Noticed an ogre
  3422 | D:4      | Killed an ogre
  3422 | D:4      | Reached skill level 2 in Invocations
  3422 | D:4      | Reached XP level 6. HP: 47/47 MP: 14/14
  3569 | D:4      | Reached skill level 5 in Dodging
  3619 | D:4      | Noticed Pikel
  3751 | D:4      | Killed Pikel
  3751 | D:4      | Reached skill level 3 in Invocations
  3751 | D:4      | Reached XP level 7. HP: 38/53 MP: 12/15
  3846 | D:4      | Reached *** piety under Cheibriados
  4047 | D:4      | Noticed Sigmund
  4070 | D:4      | Killed Sigmund
  4070 | D:4      | Reached XP level 8. HP: 53/60 MP: 12/16
  4484 | D:5      | Entered Level 5 of the Dungeon
  5071 | D:5      | Noticed Blork the orc
  5077 | D:5      | Killed Blork the orc
  5077 | D:5      | Reached skill level 4 in Invocations
  5189 | D:5      | Noticed Ijyb
  5192 | D:5      | Killed Ijyb
  5324 | D:5      | Reached skill level 5 in Transmutations
  5324 | D:5      | Reached XP level 9. HP: 61/66 MP: 18/18
  5636 | D:6      | Reached **** piety under Cheibriados
  5970 | D:6      | Reached skill level 5 in Fighting
  6110 | D:6      | Noticed Menkaure
  6115 | D:6      | Killed Menkaure
  6611 | D:7      | Found a sacrificial altar of Ru.
  6708 | D:7      | Reached skill level 5 in Invocations
  6764 | D:7      | Found a staircase to the Ecumenical Temple.
  7102 | D:7      | Found an ornate altar of the Wu Jian Council.
  7337 | Temple   | Entered the Ecumenical Temple
  7357 | D:7      | Learned a level 4 spell: Ice Form
  7567 | D:8      | Reached ***** piety under Cheibriados
  7574 | D:8      | Reached XP level 10. HP: 69/74 MP: 13/20
  7764 | D:8      | Noticed Psyche
  7778 | D:8      | Killed Psyche
  7778 | D:8      | Reached skill level 5 in Short Blades
  7778 | D:8      | Reached skill level 5 in Long Blades
  7778 | D:8      | Reached skill level 5 in Axes
  7778 | D:8      | Reached skill level 5 in Maces & Flails
  7778 | D:8      | Reached skill level 5 in Polearms
  7778 | D:8      | Reached skill level 5 in Staves
  7778 | D:8      | Reached skill level 5 in Slings
  7778 | D:8      | Reached skill level 5 in Bows
  7778 | D:8      | Reached skill level 5 in Crossbows
  7778 | D:8      | Reached skill level 5 in Throwing
  7778 | D:8      | Reached skill level 5 in Armour
  7778 | D:8      | Reached skill level 5 in Stealth
  7778 | D:8      | Reached skill level 5 in Shields
  7778 | D:8      | Reached skill level 5 in Evocations
  7918 | D:8      | Noticed a two-headed ogre
  7930 | D:8      | Killed a two-headed ogre
  8162 | D:8      | Found Xaseig's Book Shop.
  8174 | D:8      | Learned a level 5 spell: Blade Hands
  8179 | D:8      | Learned a level 4 spell: Summon Lightning Spire
  8275 | D:8      | Found a radiant altar of Vehumet.
  8352 | D:8      | Found an ancient bone altar of Kikubaaqudgha.
  8688 | D:9      | Found a flagged portal.
  8688 | D:9      | Found a staircase to the Orcish Mines.
  8699 | D:9      | Reached skill level 6 in Invocations
  8786 | Bailey   | Entered a bailey
  8798 | Bailey   | Noticed an orc warlord
  8863 | Bailey   | Found a runed translucent gate.
  8865 | Bailey   | Found a runed translucent gate.
  8866 | Bailey   | Found a runed translucent gate.
  8950 | Bailey   | Reached ****** piety under Cheibriados
  8956 | Bailey   | Killed an orc warlord
  8956 | Bailey   | Reached XP level 11. HP: 83/83 MP: 14/22
  8973 | Bailey   | Got a twitching bronze ring
  8975 | Bailey   | Identified the ring "Sygeneca" {*Contam EV+4 Str+2 SInv}
                  | (You found it in a bailey)
  8976 | Bailey   | Identified a scroll of acquirement
  8977 | Bailey   | Acquired Cailoil's Catalogue of Stolen Souls
  8984 | Bailey   | Learned a level 4 spell: Dispel Undead
  9000 | Bailey   | Learned a level 5 spell: Borgnjor's Vile Clutch
  9397 | D:9      | Reached skill level 5 in Conjurations
  9397 | D:9      | Reached skill level 5 in Hexes
  9397 | D:9      | Reached skill level 5 in Summonings
  9397 | D:9      | Reached skill level 5 in Necromancy
  9397 | D:9      | Reached skill level 5 in Translocations
  9397 | D:9      | Reached skill level 5 in Fire Magic
  9397 | D:9      | Reached skill level 5 in Ice Magic
  9397 | D:9      | Reached skill level 5 in Air Magic
  9397 | D:9      | Reached skill level 5 in Earth Magic
  9397 | D:9      | Reached skill level 5 in Poison Magic
  9409 | D:9      | Found a staircase to the Lair.
  9897 | D:10     | Entered Level 10 of the Dungeon
  9916 | D:10     | Found a portal to a secret trove of treasure.
 10335 | D:10     | Reached skill level 7 in Invocations
 10479 | D:10     | Found a blossoming altar of Fedhas.
 10904 | D:11     | Noticed a cyclops
 10918 | D:11     | Killed a cyclops
 10982 | D:11     | Noticed a boulder beetle
 10996 | D:11     | Killed a boulder beetle
 11864 | Lair:1   | Entered Level 1 of the Lair of Beasts
 11987 | Lair:1   | Reached XP level 12. HP: 91/91 MP: 22/24
 12063 | D:8      | Bought a book of Power for 630 gold pieces
 12937 | Lair:1   | Reached skill level 10 in Unarmed Combat
 12937 | Lair:1   | Reached skill level 8 in Invocations
 12937 | Lair:1   | Reached XP level 13. HP: 98/98 MP: 24/26
 13014 | Lair:2   | Noticed Gastronok
 13027 | Lair:2   | Killed Gastronok
 13780 | Lair:3   | Noticed Fannar
 13787 | Lair:3   | Killed Fannar
 14070 | Lair:3   | Reached skill level 9 in Invocations
 14169 | Lair:3   | Found a runed translucent gate.
 14169 | Lair:3   | Found a runed translucent gate.
 14172 | Lair:3   | Found a runed translucent gate.
 14174 | Lair:3   | Noticed Befuwnopp's ghost (journeyman TrHu)
 14777 | Lair:4   | Found a staircase to the Swamp.
 15056 | Lair:4   | Found a gate leading to a gauntlet.
 15068 | Gauntlet | Entered a Gauntlet
 15068 | Gauntlet | Found a runed translucent door.
 15068 | Gauntlet | Found a transporter.
 15068 | Gauntlet | Found a runed translucent door.
 15068 | Gauntlet | Found a transporter.
 15080 | Gauntlet | Found a transporter.
 15094 | Gauntlet | Found a large runed translucent door.
 15095 | Gauntlet | Found a large runed translucent door.
 15096 | Gauntlet | Found a large runed translucent door.
 15096 | Gauntlet | Found a large runed translucent door.
 15096 | Gauntlet | Found a large runed translucent door.
 15096 | Gauntlet | Found a large runed translucent door.
 15096 | Gauntlet | Found a large runed translucent door.
 15096 | Gauntlet | Found a large runed translucent door.
 15097 | Gauntlet | Found a runed translucent door.
 15097 | Gauntlet | Found a runed translucent gate.
 15098 | Gauntlet | Found a transporter.
 15098 | Gauntlet | Found a runed translucent gate.
 15098 | Gauntlet | Found a transporter.
 15098 | Gauntlet | Found a transporter.
 15100 | Gauntlet | Found a transporter.
 15100 | Gauntlet | Found a transporter.
 15111 | Gauntlet | Found a transporter.
 15126 | Gauntlet | Found a transporter.
 15130 | Gauntlet | Found a runed translucent door.
 15137 | Gauntlet | Found a transporter.
 15151 | Gauntlet | Found a transporter.
 15163 | Gauntlet | Found a large runed translucent door.
 15164 | Gauntlet | Found a large runed translucent door.
 15165 | Gauntlet | Found a large runed translucent door.
 15165 | Gauntlet | Found a large runed translucent door.
 15165 | Gauntlet | Found a large runed translucent door.
 15165 | Gauntlet | Found a large runed translucent door.
 15166 | Gauntlet | Found a large runed translucent door.
 15166 | Gauntlet | Found a large runed translucent door.
 15166 | Gauntlet | Found a runed translucent gate.
 15166 | Gauntlet | Found a runed translucent door.
 15171 | Gauntlet | Found a transporter.
 15182 | Gauntlet | Found a transporter.
 15422 | Gauntlet | Got a fine turquoise ring
 15426 | Gauntlet | Identified the ring of Otug Bemn {Str+6 Dex+3} (You found
                  | it in a Gauntlet)
 15625 | Gauntlet | Noticed a minotaur
 15633 | Gauntlet | Killed a minotaur
 15883 | Lair:4   | Learned a level 6 spell: Iron Shot
 16088 | Lair:4   | Found a staircase to the Snake Pit.
 16112 | Lair:4   | Reached XP level 14. HP: 94/108 MP: 18/27
 16124 | Lair:4   | Reached skill level 10 in Spellcasting
 17198 | Lair:5   | Reached skill level 10 in Dodging
 17826 | Lair:5   | Found a large runed translucent door.
 17826 | Lair:5   | Found a large runed translucent door.
 17831 | Lair:5   | Noticed Adireryl's ghost (journeyman HOFi)
 18241 | Orc:1    | Entered Level 1 of the Orcish Mines
 18438 | Orc:2    | Entered Level 2 of the Orcish Mines
 18557 | Orc:2    | Found a staircase to the Elven Halls.
 19083 | Orc:2    | Noticed an orc warlord
 19095 | Orc:2    | Killed an orc warlord
 19099 | Orc:2    | Reached skill level 10 in Invocations
 19556 | Orc:2    | Found Xaag's Armour Emporium.
 20335 | Orc:2    | Found Heistre Ikoush's Book Emporium.
 20341 | Orc:2    | Found Fuuplidotu's General Store.
 20648 | Orc:2    | Found Mazom's General Store.
 20657 | Orc:2    | Bought a scroll of fog for 32 gold pieces
 20690 | Orc:2    | Bought a tin of tremorstones (3/3) for 520 gold pieces
 20690 | Orc:2    | Bought a scroll of fear for 45 gold pieces
 21044 | Lair:6   | Entered Level 6 of the Lair of Beasts
 21118 | Lair:6   | Reached XP level 15. HP: 90/115 MP: 26/29
 21336 | Lair:6   | Reached skill level 10 in Fighting
 21804 | Lair:6   | Acquired a book of the Earth
 21864 | Lair:6   | HP: 1/115 [catoblepas (17)]
 22433 | Lair:6   | Found a staircase to the Slime Pits.
 22936 | Lair:6   | Reached skill level 10 in Short Blades
 22936 | Lair:6   | Reached skill level 10 in Long Blades
 22936 | Lair:6   | Reached skill level 10 in Axes
 22936 | Lair:6   | Reached skill level 10 in Maces & Flails
 22936 | Lair:6   | Reached skill level 10 in Polearms
 22936 | Lair:6   | Reached skill level 10 in Staves
 22936 | Lair:6   | Reached skill level 10 in Slings
 22936 | Lair:6   | Reached skill level 10 in Bows
 22936 | Lair:6   | Reached skill level 10 in Crossbows
 22936 | Lair:6   | Reached skill level 10 in Throwing
 22936 | Lair:6   | Reached skill level 10 in Armour
 22936 | Lair:6   | Reached skill level 10 in Stealth
 22936 | Lair:6   | Reached skill level 10 in Shields
 22936 | Lair:6   | Reached skill level 10 in Evocations
 23801 | D:12     | Learned a level 6 spell: Statue Form
 23932 | D:12     | Found Diuj's Pet Rocks.
 23935 | D:12     | Reached skill level 11 in Invocations
 24004 | D:12     | Found Unalipus's Assorted Antiques.
 24014 | D:12     | Bought 2 potions of curing for 186 gold pieces
 24014 | D:12     | Bought a potion of curing for 93 gold pieces
 24014 | D:12     | Bought a potion of curing for 93 gold pieces
 24067 | D:12     | Noticed Kirke
 24074 | D:12     | Killed Kirke
 24098 | D:12     | Noticed Frances
 24107 | D:12     | Killed Frances
 24819 | D:13     | Got an ancient jade ring
 24821 | D:13     | Identified the ring of Myawn {*Drain MP+9 Int+6} (You found
                  | it on level 13 of the Dungeon)
 24851 | D:13     | Found a gate to the Vaults.
 24891 | D:13     | Reached XP level 16. HP: 124/124 MP: 29/31
 25176 | D:13     | Got a steaming glass ring
 25427 | D:13     | Identified the ring of Equivalence {Ice +Inv rN+ Str-2}
                  | (You found it on level 13 of the Dungeon)
 26392 | D:14     | Noticed Rupert
 26406 | D:14     | Killed Rupert
 26582 | D:14     | Reached skill level 10 in Transmutations
 26810 | D:14     | Noticed Snorg
 26820 | D:14     | Killed Snorg
 27340 | D:15     | Entered Level 15 of the Dungeon
 27343 | D:15     | Noticed Agnes
 27349 | D:15     | Killed Agnes
 27577 | D:15     | Found a snail-covered altar of Cheibriados.
 27577 | D:15     | Found a hide-covered altar of Uskayaw.
 27659 | D:15     | Found a hazy altar of Hepliaklqana.
 27728 | D:15     | Reached skill level 12 in Invocations
 27771 | D:15     | Learned a level 1 spell: Apportation
 27778 | D:15     | Learned a level 6 spell: Invisibility
 27813 | D:15     | Reached XP level 17. HP: 129/131 MP: 33/33
 27929 | D:15     | Noticed a sphinx
 28643 | Swamp:1  | Entered Level 1 of the Swamp
 28681 | Snake:1  | Entered Level 1 of the Snake Pit
 29594 | Snake:1  | Reached skill level 10 in Conjurations
 29594 | Snake:1  | Reached skill level 10 in Hexes
 29594 | Snake:1  | Reached skill level 10 in Summonings
 29594 | Snake:1  | Reached skill level 10 in Necromancy
 29594 | Snake:1  | Reached skill level 10 in Translocations
 29594 | Snake:1  | Reached skill level 10 in Fire Magic
 29594 | Snake:1  | Reached skill level 10 in Ice Magic
 29594 | Snake:1  | Reached skill level 10 in Air Magic
 29594 | Snake:1  | Reached skill level 10 in Earth Magic
 29594 | Snake:1  | Reached skill level 10 in Poison Magic
 30302 | Snake:2  | Reached XP level 18. HP: 140/140 MP: 28/34
 30593 | Snake:2  | Found Cuq Jas's Jewellery Emporium.
 30594 | Snake:2  | Found Zicvyps's Gadget Boutique.
 30596 | Snake:2  | Found Zeshrurch's Jewellery Emporium.
 30609 | Snake:2  | Bought the ring of the Skies Above {rC+ MR+ MP+9 Str+2
                  | Int+3} for 601 gold pieces
 31026 | Snake:3  | Acquired 825 gold pieces
 31082 | Snake:2  | Bought the ring "Pileac" {rF+ AC+4 SInv Stlth-} for 633
                  | gold pieces
 31088 | Snake:2  | Gained mutation: You are dopey. (Int -2) [mutagenic glow]
 31189 | Snake:3  | Reached skill level 13 in Invocations
 31696 | Snake:4  | Entered Level 4 of the Snake Pit
 32334 | Snake:4  | Found Plog's General Store.
 32414 | Snake:2  | Bought an uncursed amulet of regeneration for 360 gold
                  | pieces
 32483 | Snake:4  | Bought a scroll of teleportation for 45 gold pieces
 32483 | Snake:4  | Bought a potion of curing for 45 gold pieces
 32755 | Snake:4  | Found a bloodstained altar of Trog.
 33272 | Snake:4  | Reached XP level 19. HP: 148/148 MP: 36/36
 33609 | Snake:4  | Got a serpentine rune of Zot
 34156 | Swamp:1  | Identified Roxanne's Catalogue of Earth
 34156 | Swamp:1  | Noticed Roxanne
 34970 | Swamp:2  | Noticed Donald
 34981 | Swamp:2  | Killed Donald
 35784 | Swamp:3  | Noticed Bai Suzhen
 35792 | Swamp:3  | Killed Bai Suzhen
 35792 | Swamp:3  | Reached skill level 14 in Invocations
 35929 | Swamp:3  | Learned a level 3 spell: Ozocubu's Armour
 36407 | Swamp:4  | Entered Level 4 of the Swamp
 36532 | Swamp:4  | Reached XP level 20. HP: 156/156 MP: 37/37
 36760 | Swamp:4  | Got a decaying rune of Zot
 36999 | Elf:1    | Entered Level 1 of the Elven Halls
 37057 | Elf:1    | Noticed Aizul
 37066 | Elf:1    | Killed Aizul
 37128 | Elf:1    | Identified the +1 buckler of Insurance {-Tele rPois Dex+5}
                  | (You found it on level 1 of the Elven Halls)
 37398 | Elf:1    | Gained mutation: Your body sometimes deteriorates upon
                  | taking damage. [a neqoxec]
 37400 | Elf:1    | Gained mutation: Your spells are a little easier to cast,
                  | but a little less powerful. [a neqoxec]
 37412 | Elf:1    | Found a shimmering blue altar of Sif Muna.
 37994 | Elf:2    | Paralysed by an orc sorcerer for 7 turns
 38143 | Elf:2    | Found a transporter.
 38145 | Elf:2    | Identified the +4 rapier of Generosity {antimagic, +Inv}
 38159 | Elf:2    | Found a bloodstained altar of Trog.
 38162 | Elf:2    | Noticed robertstho's ghost (adept DDFi)
 38168 | Elf:2    | Identified the +5 rapier "Jiwuopy" {freeze, Int+5 Dex+2}
 38196 | Elf:2    | Found a transporter.
 38238 | Elf:2    | Identified the +1 longbow of Wosoy {venom, rPois Stlth+}
 38387 | Elf:2    | Found Xailaxic's Distillery.
 38391 | Elf:2    | Bought a potion of heal wounds for 100 gold pieces
 38391 | Elf:2    | Bought a potion of curing for 60 gold pieces
 38391 | Elf:2    | Bought a potion of curing for 60 gold pieces
 38391 | Elf:2    | Bought a potion of might for 80 gold pieces
 38503 | Elf:2    | Found a huge runed translucent gate.
 38503 | Elf:2    | Found a huge runed translucent gate.
 38503 | Elf:2    | Found a huge runed translucent gate.
 38503 | Elf:2    | Found a huge runed translucent gate.
 38504 | Elf:2    | Found a huge runed translucent gate.
 38670 | Elf:3    | Entered Level 3 of the Elven Halls
 39156 | Elf:3    | Reached XP level 21. HP: 103/164 MP: 39/39
 39158 | Elf:3    | Identified the +8 hand axe of Alacysche {speed, rF+}
 39344 | Elf:3    | Reached skill level 15 in Unarmed Combat
 39455 | Elf:3    | Found a transporter.
 39461 | Elf:3    | Noticed bastard's ghost (adept DEFE)
 39491 | Elf:3    | Found a transporter.
 39543 | Elf:3    | Reached skill level 15 in Invocations
 40023 | Elf:3    | Identified the ring "Ceibyfag" {Str+4 Int+6}
 40031 | Elf:3    | Cast into level 3 of the Abyss (a deep elf sorcerer)
 40049 | Abyss:3  | Found a transporter.
 40084 | Abyss:3  | Found a transporter.
 40085 | Abyss:3  | Noticed an ancient lich
 40088 | Abyss:3  | Got an abyssal rune of Zot
 40094 | Abyss:3  | Killed an ancient lich
 40157 | Abyss:3  | Noticed a profane servitor
 40176 | Abyss:3  | Killed a profane servitor
 40178 | Elf:3    | Escaped the Abyss
 40217 | Elf:3    | Identified the Reference Book on Unstable Creation
 40219 | Elf:3    | Identified Advanced Witchery
 40229 | Elf:3    | Found the +8 storm bow {elec, penet}
 40279 | Elf:3    | Identified the cursed +0 helmet of Xuxkut {Rampage Regen+}
                  | (You found it on level 3 of the Elven Halls)
 40757 | D:15     | Identified the +6 rapier "Huewukkeo" {vorpal, SInv}
 40823 | D:15     | Learned a level 7 spell: Spellforged Servitor
 41066 | D:15     | Found a staircase to the Depths.
 41098 | D:15     | Noticed Jorgrun
 41106 | D:15     | Killed Jorgrun
 41187 | Depths:1 | Entered Level 1 of the Depths
 41385 | Depths:1 | Found a gateway to Hell.
 41572 | Depths:1 | Reached XP level 22. HP: 173/173 MP: 40/40
 41575 | Depths:1 | Found Xoag's One-of-a-Kind Books.
 41614 | Depths:1 | Found a one-way gate leading to the halls of Pandemonium.
 41902 | Depths:1 | Reached skill level 15 in Spellcasting
 42270 | Depths:5 | Entered Level 5 of the Depths
 42327 | Depths:5 | Noticed a golden dragon
 42340 | Depths:5 | Killed a golden dragon
 42358 | Depths:5 | Reached skill level 15 in Dodging
 42464 | Depths:5 | Found a gate to the Realm of Zot.
 42471 | Zot:1    | Entered Level 1 of the Realm of Zot
 42471 | Zot:1    | Noticed an orb of fire
 42473 | Zot:1    | Noticed a golden dragon
 42476 | Zot:1    | Gained mutation: You are weak. (Str -2) [an orb of fire]
 42480 | Zot:1    | Gained mutation: You have sharp toenails. [an orb of fire]
 42485 | Zot:1    | Killed an orb of fire
 42712 | Depths:5 | Killed a golden dragon
 42822 | Zot:1    | Noticed a golden dragon
 42828 | Zot:1    | Killed a golden dragon
 42988 | Zot:4    | Noticed a golden dragon
 43000 | Zot:4    | Killed a golden dragon
 43006 | Zot:4    | Reached skill level 15 in Fighting
 43233 | Zot:4    | Reached skill level 16 in Invocations
 43242 | Zot:4    | Reached XP level 23. HP: 158/181 MP: 33/42
 43281 | Zot:4    | Reached skill level 15 in Short Blades
 43281 | Zot:4    | Reached skill level 15 in Long Blades
 43281 | Zot:4    | Reached skill level 15 in Axes
 43281 | Zot:4    | Reached skill level 15 in Maces & Flails
 43281 | Zot:4    | Reached skill level 15 in Polearms
 43281 | Zot:4    | Reached skill level 15 in Staves
 43281 | Zot:4    | Reached skill level 15 in Slings
 43281 | Zot:4    | Reached skill level 15 in Bows
 43281 | Zot:4    | Reached skill level 15 in Crossbows
 43281 | Zot:4    | Reached skill level 15 in Throwing
 43281 | Zot:4    | Reached skill level 15 in Armour
 43281 | Zot:4    | Reached skill level 15 in Stealth
 43281 | Zot:4    | Reached skill level 15 in Shields
 43281 | Zot:4    | Reached skill level 15 in Evocations
 43344 | Zot:5    | Entered Level 5 of the Realm of Zot
 43374 | Zot:5    | Noticed a curse toe
 43375 | Zot:5    | Noticed a curse toe
 43383 | Zot:5    | Killed a curse toe
 43385 | Zot:5    | Killed a curse toe
 43961 | Zot:5    | Noticed a golden dragon
 43965 | Zot:5    | Killed a golden dragon
 43975 | Zot:5    | Learned a level 8 spell: Lehudib's Crystal Spear
 44203 | Zot:5    | Noticed an orb of fire
 44213 | Zot:5    | Killed an orb of fire
 44404 | Zot:5    | Noticed a Killer Klown
 44429 | Zot:5    | Killed a Killer Klown
 44429 | Zot:5    | Reached XP level 24. HP: 189/189 MP: 43/43
 44558 | Zot:5    | Noticed an orb of fire
 44565 | Zot:5    | Gained mutation: Scrolls take you a little longer to read.
                  | [an orb of fire]
 44569 | Zot:5    | Killed an orb of fire
 45042 | Zot:5    | Noticed an orb of fire
 45048 | Zot:5    | Gained mutation: Your magical capacity is low. (-10% MP)
                  | [an orb of fire]
 45051 | Zot:5    | Gained mutation: You are frail. (-10% HP) [an orb of fire]
 45055 | Zot:5    | Killed an orb of fire
 45133 | Zot:5    | Noticed a Killer Klown
 45145 | Zot:5    | Killed a Killer Klown
 45145 | Zot:5    | Reached skill level 17 in Invocations
 45241 | Zot:5    | Noticed a Killer Klown
 45241 | Zot:5    | Noticed a Killer Klown
 45241 | Zot:5    | Noticed a curse toe
 45251 | Zot:5    | Noticed an orb of fire
 45251 | Zot:5    | Killed from afar by an orb of fire

Illustrated notes

Levels and vault maps discovered:
D:1:      nicolae_arrival_memento_mori, layout_loops_ring, minmay_curled_crystal
D:2:      layout_basic, old_standard_altar,
          chequers_ecumenical_altar_simple_redux
D:3:      kennysheep_big_flooded_room, layout_loops_ring, uniq_jessica
D:4:      layout_basic, uniq_sigmund, uniq_pikel
D:5:      layout_basic, portal_sewer_entry_b, kennysheep_small_circle,
          uniq_ijyb, uniq_blork_the_orc
D:6:      layout_basic, uniq_menkaure
D:7:      layout_loops_ring, lemuel_crystal_altar,
          nicolae_overflow_crystal_walls, minmay_temple_entry_wispy
D:8:      layout_gridville, tgw_xom, kiku_gazebo_garden_becter, serial_shops,
          nicolae_shop_crystal, basic_altar, uniq_psyche
D:9:      layout_roguey, erik_lair_island, david_orc_3, enter_bailey_2
D:10:     layout_cave_pools, enter_trove_1, fedhas_altar_4
D:11:     layout_stronghold
D:12:     layout_roguey, serial_shops, shop, guppyfry_shop_earth, uniq_kirke,
          uniq_frances
D:13:     layout_gridville, erik_vaults_2, nicolae_wwwww, hangedman_aviary
D:14:     layout_gridville, minmay_misc_feat_columns, uniq_snorg, uniq_rupert
D:15:     hangedman_slaughterboxes, uniq_jorgrun, uniq_agnes
Temple:   minmay_crystal_spiral_temple
Lair:1:   layout_regular_city, minivault_23
Lair:2:   layout_chaotic_city, infiniplex_staircase_pool, uniq_gastronok
Lair:3:   layout_cellular_growth, gammafunk_ghost_hydra_chop, lemuel_fruit_tree,
          uniq_fannar
Lair:4:   layout_regular_city, swamp_mist, minmay_snake_entry_guardpost_small,
          gauntlet_entry_generic, serial_rivers, chequers_serial_rivers_small_b,
          chequers_serial_rivers_micro_e, chequers_serial_rivers_micro_d,
          chequers_serial_rivers_room_b
Lair:5:   layout_regular_city, ebering_ghost_disaster_area, lemuel_fruit_fields
Lair:6:   evilmike_catoblepas_cave, layout_regular_city, slime_dummy,
          nicolae_quartered_pool_medium, grunt_megastairs_3,
          minmay_lair_oklob_chamber
Swamp:1:  layout_basic_swamp, evilmike_swamp_ruin_house_6, uniq_roxanne
Swamp:2:  layout_falls_marsh, wheals_swamp_sinkhole, hangedman_swamp_blocks,
          uniq_donald
Swamp:3:  layout_basic_swamp, evilmike_swamp_ruin_house_5, uniq_bai_suzhen
Swamp:4:  swamp, layout_basic_swamp
Snake:1:  layout_rooms, st_stairs_11, hangedman_venom_bottle
Snake:2:  layout_misc_corridors, minmay_shop_grove
Snake:3:  layout_onion
Snake:4:  snake_pit_salamanders_mu, layout_cave_town, serial_shops,
          nicolae_shop_temple_entry_statues_fountains, basic_altar
Orc:1:    layout_diamond_mine
Orc:2:    st_orc_elflike, layout_diamond_mine, nicolae_orc_sculptors_studio,
          nicolae_orc_bridge_out
Elf:1:    eino_elf_arrival_customs, layout_gridlike, basic_altar,
          kennysheep_underground_church, st_stairs_1, roderic_three_in_a_row,
          uniq_aizul
Elf:2:    layout_onion_city, serial_shops, shop,
          gammafunk_ghost_wrathful_warriors, moated_statue
Elf:3:    minmay_elf_hall_not_hex, layout_loops_cross,
          gammafunk_ghost_berserking_beasts, hangedman_elf_targetted_burst,
          elf_orc_summit_meeting
Depths:1: layout_basic, hangedman_coc_ice_floe, chequers_serial_rivers_room_a,
          rand_demon_pan_entry_5, chequers_serial_rivers_room_b,
          nicolae_rare_books, drop_trap, hangedman_decor_opposing,
          kennysheep_just_a_vault
Depths:2: kennysheep_bubble_arena, layout_cave_shapes,
          chequers_serial_rivers_small_3, pf_hell_entry_tar_river,
          serial_bayou_shore_a, infiniplex_staircase_door_maze
Depths:3: minmay_glassy_protrusions, layout_honeycomb, enter_ziggurat_a,
          hell_entry, nrook_campfire, grunt_pan_entry_spiral
Depths:4: gammafunk_mikee_crab_dinner, layout_long_grid, tso_altar,
          abyss_entry_small_statue_room, infiniplex_enter_wizlab_spiral,
          grunt_mini_vestibule, minmay_misc_feat_more_columns
Depths:5: evilmike_zot_entry_hall, layout_gridlike, dk_noncrumbling_2,
          hell_entry, special_room [special_room_morgue], uniq_enchantress
Zot:1:    layout_onion
Zot:2:    gammafunk_sealed_arena, layout_twisted_circle, grunt_megastairs_2
Zot:3:    layout_cathedral_of_symmetry, lemuel_baited_zot_trap
Zot:4:    lemuel_acid_trip, layout_concentric_octagons
Zot:5:    layout_cathedral_of_symmetry

Skill      XL: |  1  2  3  4  5  6  7  8  9 10 11 12 13 14 15 16 17 18 19 20 21 22 23 24 |
---------------+-------------------------------------------------------------------------+-----
Spellcasting   | 5 6 7 8 9 10 11 12 13 14 15 16 | 16.3
Invocations    | 1 2 3 4 5 6 7 8 9 10 11 12 13 14 15 16 17 | 17.0
Short Blades   | 1 2 3 4 5 6 7 8 9 10 11 12 13 14 15 | 15.7
Long Blades    | 1 2 3 4 5 6 7 8 9 10 11 12 13 14 15 | 15.7
Axes           | 1 2 3 4 5 6 7 8 9 10 11 12 13 14 15 | 15.7
Maces & Flails | 1 2 3 4 5 6 7 8 9 10 11 12 13 14 15 | 15.7
Polearms       | 1 2 3 4 5 6 7 8 9 10 11 12 13 14 15 | 15.7
Staves         | 1 2 3 4 5 6 7 8 9 10 11 12 13 14 15 | 15.7
Slings         | 1 2 3 4 5 6 7 8 9 10 11 12 13 14 15 | 15.7
Bows           | 1 2 3 4 5 6 7 8 9 10 11 12 13 14 15 | 15.7
Crossbows      | 1 2 3 4 5 6 7 8 9 10 11 12 13 14 15 | 15.7
Throwing       | 1 2 3 4 5 6 7 8 9 10 11 12 13 14 15 | 15.7
Armour         | 1 2 3 4 5 6 7 8 9 10 11 12 13 14 15 | 15.7
Stealth        | 1 2 3 4 5 6 7 8 9 10 11 12 13 14 15 | 15.7
Shields        | 1 2 3 4 5 6 7 8 9 10 11 12 13 14 15 | 15.7
Evocations     | 1 2 3 4 5 6 7 8 9 10 11 12 13 14 15 | 15.7
Conjurations   | 1 2 3 4 5 6 7 8 9 10 11 12 13 | 13.6
Hexes          | 1 2 3 4 5 6 7 8 9 10 11 12 13 | 13.6
Summonings     | 1 2 3 4 5 6 7 8 9 10 11 12 13 | 13.6
Necromancy     | 1 2 3 4 5 6 7 8 9 10 11 12 13 | 13.6
Translocations | 1 2 3 4 5 6 7 8 9 10 11 12 13 | 13.6
Fire Magic     | 1 2 3 4 5 6 7 8 9 10 11 12 13 | 13.6
Ice Magic      | 1 2 3 4 5 6 7 8 9 10 11 12 13 | 13.6
Air Magic      | 1 2 3 4 5 6 7 8 9 10 11 12 13 | 13.6
Earth Magic    | 1 2 3 4 5 6 7 8 9 10 11 12 13 | 13.6
Poison Magic   | 1 2 3 4 5 6 7 8 9 10 11 12 13 | 13.6
Fighting       | 3 4 5 6 7 8 9 10 11 12 13 14 15 | 15.9
Transmutations | 4 5 6 7 8 9 10 11 12 13 14 | 14.0
Dodging        | 5 6 7 8 9 10 11 12 13 14 15 16 | 16.2
Unarmed Combat | 7 8 9 10 11 12 13 14 15 16 | 16.7

Action                   |  1- 3 |  4- 6 |  7- 9 | 10-12 | 13-15 | 16-18 | 19-21 | 22-24 || total
-------------------------+-------+-------+-------+-------+-------+-------+-------+-------++-------
Melee: Unarmed           |    99 |   128 |   255 |   337 |   741 |   949 |  1004 |   522 ||  4035
       Bite              |    11 |    10 |    27 |    43 |   116 |   188 |   163 |   122 ||   680
       Kick              |    13 |    18 |    59 |    17 |       |       |       |   215 ||   322
       Headbutt          |     7 |    14 |    35 |     7 |       |       |       |       ||    63
       Punch             |     1 |     4 |    11 |    24 |    56 |       |       |       ||    96
Throw: Stone             |       |    29 |     3 |    11 |     2 |     5 |     7 |    14 ||    71
 Cast: Beastly Appendage |    15 |     8 |    20 |     3 |       |       |       |       ||    46
       Spider Form       |       |     1 |     6 |     1 |       |       |       |       ||     8
       Ice Form          |       |       |     2 |     8 |     7 |       |       |       ||    17
       Blade Hands       |       |       |       |    21 |    60 |       |       |       ||    81
       Summon Lightning  |       |       |       |     6 |    14 |    17 |     5 |       ||    42
       Iron Shot         |       |       |       |       |     8 |     4 |    21 |    18 ||    51
       Borgnjor's Vile C |       |       |       |       |     2 |       |       |       ||     2
       Statue Form       |       |       |       |       |     9 |    74 |    73 |    39 ||   195
       Wereblood         |       |       |       |       |       |     3 |     2 |       ||     5
       Dispel Undead     |       |       |       |       |       |     4 |     2 |     4 ||    10
       Invisibility      |       |       |       |       |       |     4 |     7 |    13 ||    24
       Apportation       |       |       |       |       |       |     1 |       |       ||     1
       Ozocubu's Armour  |       |       |       |       |       |       |     2 |       ||     2
       Spellforged Servi |       |       |       |       |       |       |     1 |     3 ||     4
       Lehudib's Crystal |       |       |       |       |       |       |       |     5 ||     5
Invok: Slouch            |       |       |       |       |     5 |     5 |     2 |     3 ||    15
       Step From Time    |       |       |       |       |       |       |       |     3 ||     3
Evoke: Wand              |       |     3 |     3 |     4 |     2 |       |       |     2 ||    14
       Tin of tremorston |       |       |       |       |       |     3 |     4 |     6 ||    13
       Condenser vane    |       |       |       |       |       |       |     6 |     6 ||    12
  Use: Scroll            |       |     8 |     1 |    14 |    16 |     6 |    13 |     8 ||    66
       Potion            |       |       |       |     4 |     4 |       |       |     5 ||    13
 Stab: Sleeping          |     3 |     1 |     6 |     6 |    12 |    23 |    10 |     4 ||    65
       Invisible         |       |       |       |     2 |       |     7 |    25 |    75 ||   109
       Distracted        |       |       |       |       |     3 |     9 |     5 |     1 ||    18
       Petrified         |       |       |       |       |     4 |       |       |       ||     4
       Petrifying        |       |       |       |       |     2 |       |       |       ||     2
       Confused          |       |       |       |       |       |       |     1 |       ||     1
Armor: Robe              |    19 |    34 |     7 |       |       |       |       |       ||    60
       Ring mail         |       |       |    33 |    35 |    79 |    17 |    44 |    11 ||   219
       Skin              |       |       |    15 |    16 |    54 |   306 |   303 |   153 ||   847
Dodge: Dodged            |    70 |   111 |   210 |   471 |   895 |  1329 |  1092 |   605 ||  4783
Block: Kite shield       |       |       |       |       |    16 |  1359 |  1395 |   676 ||  3446
       Reflection        |       |       |       |       |       |       |   111 |     6 ||   117

Table legend: (Time is in decaauts)
 A = Elapsed time spent in this place.
 B = Non-inter-level travel time spent in this place.
 C = Inter-level travel time spent in this place.
 D = Time resting spent in this place.
 E = Time spent auto-exploring this place.
 F = Levels seen in this place.
 G = Mean time per level.
                   A        B        C        D        E       F      G
               +--------+--------+--------+--------+--------+-----+--------+
         Total |  72496 |  66518 |   5978 |   5584 |  45582 |  48 | 1510.3 |
       Dungeon |  25715 |  23454 |   2261 |   1173 |  17730 |  15 | 1714.3 |
        Temple |      1 |      1 |      0 |      0 |      0 |   1 |    1.0 |
          Lair |  13569 |  12315 |   1254 |   1163 |   9739 |   6 | 2261.5 |
         Swamp |   5588 |   5325 |    263 |     91 |   3955 |   4 | 1397.0 |
     Snake Pit |   9094 |   8254 |    840 |    837 |   4905 |   4 | 2273.5 |
  Orcish Mines |   3972 |   3672 |    300 |    432 |   2652 |   2 | 1986.0 |
   Elven Halls |   6272 |   5726 |    546 |    141 |   3640 |   3 | 2090.7 |
        Depths |   2760 |   2543 |    217 |    322 |   1562 |   5 |  552.0 |
           Zot |   4189 |   3896 |    293 |   1070 |   1105 |   5 |  837.8 |
         Abyss |    259 |    259 |      0 |      0 |      0 |   1 |  259.0 |
        Bailey |    295 |    295 |      0 |     39 |     25 |   1 |  295.0 |
      Gauntlet |    775 |    775 |      0 |    314 |    264 |   1 |  775.0 |
               +--------+--------+--------+--------+--------+-----+--------+

Top non-repeatable levels by time:
 Snake:4: 3761 daAuts
   Orc:2: 3369 daAuts
   Zot:5: 3203 daAuts
    D:15: 2950 daAuts
  Lair:4: 2898 daAuts
   Elf:3: 2769 daAuts
  Lair:6: 2730 daAuts
  Lair:5: 2633 daAuts
    D:14: 2388 daAuts
   Elf:1: 2086 daAuts
    D:13: 2072 daAuts
 Snake:1: 1984 daAuts
     D:9: 1974 daAuts
  Lair:3: 1905 daAuts
Depths:1: 1905 daAuts
